 Dungeon Crawl Stone Soup version 0.25-a0-341-g6f074c887a (webtiles) character file.

Game seed: 13011045925409535832, levelgen mode: deterministic

113 Conn the Firebug (level 4, 0/28 HPs)
             Began as an Octopode Fire Elementalist on Dec 30, 2019.
             Slain by a hobgoblin
             ... wielding a +0 club
             ... led by Robin
              (10 damage)
             ... on level 2 of the Dungeon.
             The game lasted 00:06:04 (2706 turns).

Conn the Firebug (Octopode Fire Elementalist)       Turns: 2706, Time: 00:06:04

Health: 0/28       AC:  1    Str:  7    XL:     4   Next: 96%
Magic:  6/8        EV: 13    Int: 18    God:
Gold:   190        SH:  0    Dex: 12    Spells: 1/8 levels left

rFire    . . .     SeeInvis .   a - +1 dagger (venom)
rCold    . . .     Gourm    .   (no shield)
rNeg     . . .     Faith    .   (helmet restricted)
rPois    .         Spirit   .   (no amulet)
rElec    .         Reflect  .   (no ring)
rCorr    .         Harm     .   (no ring)
MR       .....                  (no ring)
Stlth    +++.......             (no ring)
HPRegen  0.09/turn              (no ring)
MPRegen  0.11/turn              (no ring)
                                (no ring)
                                (no ring)

@: no status effects
A: almost no armour, stealthy swim, amphibious, 8 rings, constrict 8, camouflage
1, gelatinous body 1
a: no special abilities


You were on level 2 of the Dungeon.
You were not hungry.

You visited 1 branch of the dungeon, and saw 3 of its levels.

You collected 190 gold pieces.

Inventory:

Hand Weapons
 a - a +1 dagger of venom (weapon)
 b - a +0 short sword
 i - a +1 whip of venom
Scrolls
 d - a scroll of magic mapping
 f - a scroll of enchant armour {unknown}
 g - a scroll of enchant weapon {unknown}
 j - a scroll of identify
 k - a scroll of teleportation
Potions
 e - a potion of curing
 h - a potion of cancellation {unknown}
 l - 2 potions of mutation {unknown}
Comestibles
 c - 4 rations
 m - 4 chunks of flesh


   Skills:
 * Level 1.0 Fighting
 + Level 2.2 Dodging
 + Level 3.2 Stealth
 * Level 2.8 Spellcasting
 * Level 2.0 Conjurations
 + Level 4.0 Fire Magic


You had one spell level left.
You knew the following spells:

 Your Spells              Type           Power        Failure   Level  Hunger
a - Foxfire               Conj/Fire      ##..         4%          1    None
b - Conjure Flame         Conj/Fire      ##......     14%         3    ###....
c - Inner Flame           Hex/Fire       #.......     22%         3    ###....

Your spell library contained the following spells:

 Spells                   Type           Power        Failure   Level  Hunger
 Sticky Flame             Conj/Fire      ##......     43%         4    ####...
 Fireball                 Conj/Fire      ##........   80%         5    ######.


Dungeon Overview and Level Annotations

Branches:
Dungeon (3/15)

Altars:

Annotations:
D:3 Robin


Innate Abilities, Weirdness & Mutations

You cannot wear most types of armour.
You are very stealthy in the water. (Stealth+)
You are amphibious.
You can wear up to eight rings at the same time.
You can use your tentacles to constrict eight enemies at once.
Your skin changes colour to match your surroundings (Stealth+).
Your rubbery body absorbs attacks. (AC +1, EV +1)


Message History

You conjure some foxfire!
The hobgoblin hits you with a +0 club! The goblin completely misses you.
The hobgoblin hits you but does no damage.
The hobgoblin closely misses you.
The foxfire hits the hobgoblin.
The hobgoblin is almost dead.
The foxfire hits the hobgoblin.
You kill the hobgoblin!
The hobgoblin hits you with a +0 club. The goblin closely misses you.
The hobgoblin completely misses you.
Casting: Foxfire (safe; 4% risk of failure)
Confirm with . or Enter, or press ? or * to list all spells.
You conjure some foxfire!
The hobgoblin closely misses you. The goblin closely misses you.
The foxfire hits the hobgoblin.
The hobgoblin is lightly wounded.
The foxfire hits the hobgoblin.
The hobgoblin is severely wounded.
The hobgoblin hits you with a +0 club. The hobgoblin hits you with a +0 club!
You die...

#...#######.#.##.# #.##....#..
#...# #...#.#.##.####.###.#.#.#
#...###.#.#.#.#.....#.###.#.#.#
#...#.........##.##....##.#.#.#
###...#.#.###.........#..##.#.#.#
......#.#.#.#...........<##.#.#.#
####.....................##.#.#.#
####....#...#..g÷§..........#.#.#
...............)@)...............
.......÷#......)gg............#.#
###...........##.#####..####.....
###...#..##.##.#####...........
####...#..##.##........####.....
#......#..##.##.####...# ####÷#
##.###..................#######.#
........#..##.##.....)...........
##.#####...##.#######...#####.#.#


You could see 2 hobgoblins and a goblin.

Vanquished Creatures
  4 adders (D:2)
  3 worms (D:2)
  A dart slug (D:2)
  An orc (D:3)
  A giant cockroach (D:1)
  12 goblins
  11 hobgoblins
  2 jackals (D:1)
  7 kobolds
  2 quokkas (D:2)
  6 bats
  5 frilled lizards
  7 rats
62 creatures vanquished.

Vanquished Creatures (others)
  160 foxfires
160 creatures vanquished.

Grand Total: 222 creatures vanquished

Notes
Turn   | Place    | Note
-------+----------+-------------------------------------------
     0 | D:1      | Conn the Octopode Fire Elementalist began the quest for the
                  | Orb.
     0 | D:1      | Reached XP level 1. HP: 11/11 MP: 3/3
   212 | D:1      | Reached XP level 2. HP: 17/17 MP: 3/5
   468 | D:1      | Reached XP level 3. HP: 15/21 MP: 1/6
  1336 | D:2      | Reached XP level 4. HP: 20/27 MP: 1/8
  1487 | D:2      | Learned a level 3 spell: Conjure Flame
  1491 | D:2      | Learned a level 3 spell: Inner Flame
  1891 | D:2      | Reached skill level 4 in Fire Magic
  2122 | D:2      | Reached skill level 1 in Fighting
  2332 | D:3      | Noticed Robin
  2706 | D:2      | Slain by a hobgoblin

Levels and vault maps discovered:
D:1:      nicolae_arrival_somewhat_less_tricky_arrival, layout_loops_ring,
          minmay_hexomino_f4
D:2:      layout_basic
D:3:      layout_loops_ring, uniq_robin, uniq_grinder

Skill      XL: |  1  2  3  4 |
---------------+-------------+-----
Stealth        | 3 |  3.2
Conjurations   | 2 |  2.0
Fire Magic     | 4 |  4.0
Fighting       | 1 |  1.0
Dodging        | |  2.2
Spellcasting   | |  2.8

Action                   |  1- 3 |  4- 6 || total
-------------------------+-------+-------++-------
Melee: Short sword       |     5 |       ||     5
       Tentacles         |     2 |     1 ||     3
       Constrict         |     1 |     5 ||     6
       Whip              |     2 |     1 ||     3
       Dagger            |       |    11 ||    11
 Cast: Foxfire           |    54 |    45 ||    99
  Use: Scroll            |     4 |       ||     4
  Eat: Chunk             |     1 |     5 ||     6
Armor: Skin              |       |     3 ||     3
Dodge: Dodged            |    22 |    43 ||    65

Table legend:
 A = Non-vault XP
 B = Vault XP
 C = Vault XP percentage of total XP
 D = Non-vault monster count
 E = Vault monster count
 F = Vault count percentage of total count
                 A         B        C        D         E       F
            +---------+---------+-------+---------+---------+-------
      Total |     143 |      19 |  11.7 |      51 |      11 |  17.7
            +---------+---------+-------+---------+---------+-------
        D:1 |      32 |       5 |  13.5 |      19 |       4 |  17.4
        D:2 |     108 |      14 |  11.5 |      31 |       7 |  18.4
        D:3 |       3 |       0 |   0.0 |       1 |       0 |   0.0
            +---------+---------+-------+---------+---------+-------
